AoeStats
← Buho_Metalero

Arena

510245335Analyzed
1v1 RM · 12h ago on Sep 30, 2026· 33m 36s· 2 players
Game mode
Random Map
Map size
Tiny (2 player)
Population
200
Speed
Normal
Resources
Standard
Victory
Conquest
Starting age
Dark Age
Ending age
Imperial Age
RankedLock teamsTeams togetherTeam positionsShared explorationLock speedFull tech treeHidden civsTurbo modeCheats
Victory
Defeat
🇨🇱 Koreans · Chile
1409
+14
🇨🇴 Italians · Colombia
1364
-14
jchernandez2
9:57 Feudal Age
9:23 Loom
11:00 Fletching
17:54 Castle Age
15:59 Double-Bit Axe
25:39 Bodkin Arrow
Buho_Metalero
8:53 Feudal Age
7:08 Loom
10:13 Wheelbarrow
9:44 Double-Bit Axe
19:41 Castle Age
18:23 Gold Mining
20:23 Fletching
33:30 Imperial Age
Connection lost

Rejoining the realm…

Still unreachable

The connection could not be restored.

Session expired

The server has moved on; the page needs a fresh start.